 Dungeon Crawl Stone Soup version 0.31.0-9-g3a7656b989 (webtiles) character file.

Game seed: 267394275533768640

324 qw the Shooter (level 6, 0/48 HPs)
             Began as a Demigod Hunter on Feb 2, 2024.
             Slain by an ogre
             ... wielding a +0 giant club
              (25 damage)
             ... on level 4 of the Dungeon.
             The game lasted 00:00:11 (2870 turns).

qw the Shooter (Demigod Hunter)                     Turns: 2870, Time: 00:00:11

Health: 0/48       AC:  5    Str: 16    XL:     6   Next: 2%
Magic:  8/8        EV: 12    Int: 11    God:
Gold:   237        SH:  0    Dex: 25    Spells: 5/5 levels left

rFire   . . .        a - +0 shortbow
rCold   . . .        (shield currently unavailable)
rNeg    . . .        b - +0 ring mail of Parts Unknown {rC- Regen+ Str+4}
rPois   .            (no helmet)
rElec   .            (no cloak)
rCorr   .            (no gloves)
SInv    .            (no boots)
Will    .....        (no amulet)
Stlth   ++           d - ring of protection from cold
HPRegen 1.08/turn    (no ring)
MPRegen 0.11/turn

%: no passive effects
@: no status effects
A: high MP 1, forlorn, divine attributes
a: no special abilities


You were on level 4 of the Dungeon.
You visited 1 branch of the dungeon, and saw 4 of its levels.

You collected 237 gold pieces.


Innate Abilities, Weirdness & Mutations

You have an increased reservoir of magic. (+10% MP)
You shall have no god before yourself.
Your divine heritage dramatically boosts your attributes as you level up.


   Skills:
 + Level 2.0 Fighting
 - Level 6.4 Ranged Weapons
 - Level 1.5 Armour
 - Level 2.2 Dodging
 - Level 0.8 Stealth


You had 5 spell levels left.
You didn't know any spells.
Your spell library was empty.

Inventory:

Hand Weapons
 a - a +0 shortbow (weapon)
Armour
 b - the +0 ring mail of Parts Unknown (worn) {rC- Regen+ Str+4}
   (You found it on level 2 of the Dungeon)

   Str+4:     It affects your strength (+4).
   rC-:       It makes you vulnerable to cold.
   Regen+:    It increases your rate of health regeneration.
Jewellery
 d - a ring of protection from cold (left hand)
Wands
 g - a wand of charming (8)
Scrolls
 c - a scroll of teleportation
 h - a scroll of enchant armour {unknown}
 k - a scroll of amnesia {unknown}
 l - a scroll of identify
 m - 2 scrolls of vulnerability {unknown}
Potions
 e - a potion of might
 f - 2 potions of mutation
 i - 2 potions of curing
 j - a potion of attraction {unknown}

Dungeon Overview and Level Annotations

Branches:
Dungeon (4/15)
 Temple: D:4-7

Annotations:
D:4 1 runed translucent door, Grinder


Message History

You shoot an arrow. The arrow hits the scorpion!
The scorpion is heavily wounded.
The scorpion completely misses you.
You shoot an arrow. The arrow barely misses the scorpion.
The scorpion stings you. x2
You shoot an arrow. The arrow hits the scorpion!
You kill the scorpion!
Your Armour skill increases to level 1!
You have reached level 6!
Your experience leads to a dramatic increase in your attributes!
Your base attributes are Str 12, Int 11, Dex 21.
Increase (S)trength, (I)ntelligence, or (D)exterity?
You feel agile. x4
You start resting.
HP restored.
You see here a scorpion corpse.
l - a scroll of identify An orc comes into view.
It is wielding a +0 flail.
You shoot an arrow. The arrow hits the orc!
You kill the orc!
m - 2 scrolls labelled HOCKIW BUCOBLU An ogre comes into view.
It is wielding a +0 giant club.
Found 13 gold pieces.
You see here an amulet of faith.
You shoot an arrow. The arrow hits the ogre!
The ogre shouts!
The ogre is moderately wounded.
You shoot an arrow. The arrow closely misses the ogre.
Grinder comes into view.
You shoot an arrow. The arrow barely misses the ogre.
Grinder shouts!
You shoot an arrow. The arrow closely misses Grinder.
You shoot an arrow. The arrow hits the ogre.
The ogre is heavily wounded.
The ogre hits you with a +0 giant club!!
Ouch! That really hurt!
You shoot an arrow. The arrow hits the ogre!
The ogre is almost dead.
The ogre hits you with a +0 giant club!!
Ouch! That really hurt!
You die...

#.####...###### #..
#.# #.#..# #..
###.####.##.#######..
.........##......#..
###.####.###.....#.#
#.#......# ##....#.#
#........# ##.###.#
#..###...# #..##.#
#...@...## ##.##.#
#..O##.## #....##
#... ..# ###...#
##..##.# ########...
5$. ... ...........
.... ..# #..#....###
#.#.. ..# #.##.###
#.#.. .. #.......
#.#..#..


You could see Grinder and an ogre.

Vanquished Creatures
  A black bear (D:4)
  2 scorpions
  3 adders
  A gnoll (D:1)
  A white imp (D:3)
  2 dart slugs
  2 ribbon worms
  4 orcs
  4 bats
  4 endoplasms
  12 hobgoblins
  3 jackals (D:2)
  6 quokkas
  2 ball pythons (D:1)
  8 frilled lizards
  2 goblins
  7 kobolds
  4 rats
68 creatures vanquished.

Notes
Turn   | Place    | Note
-------+----------+-------------------------------------------
     0 | D:1      | qw the Demigod Hunter began the quest for the Orb.
     0 | D:1      | Reached XP level 1. HP: 17/17 MP: 3/3
     0 | D:1      | 0 ||| qw: Version: 0.3-a-155-g5e7d8dd
     0 | D:1      | 0 ||| qw: Game counter: 236
     0 | D:1      | 0 ||| qw: Melee chars always use a shield: true
     0 | D:1      | 0 ||| qw: God list: Okawaru
     0 | D:1      | 0 ||| qw: Allow faded altars: false
     0 | D:1      | 0 ||| qw: Do Orc after clearing Dungeon:15 true
     0 | D:1      | 0 ||| qw: Do second Lair branch before Depths: true
     0 | D:1      | 0 ||| qw: Lair rune preference: random
     0 | D:1      | 0 ||| qw: Goals: Normal
     0 | D:1      | 0 ||| PLANNING D:1-11
   136 | D:1      | Reached skill level 4 in Ranged Weapons
   136 | D:1      | Reached XP level 2. HP: 24/24 MP: 4/4
   744 | D:1      | 744 ||| READING 4 scrolls labelled YSHREL HUTUTZ.
   744 | D:1      | 744 ||| IDENTIFYING murky purple potion
   745 | D:1      | 745 ||| READING 3 scrolls of identify.
   745 | D:1      | 745 ||| IDENTIFYING ruby potion
   746 | D:1      | 746 ||| READING 2 scrolls of identify.
   746 | D:1      | 746 ||| IDENTIFYING bubbling pink potion
   747 | D:1      | 747 ||| READING scroll of identify.
   747 | D:1      | 747 ||| IDENTIFYING scroll labelled RAR UZ GAVIPN
   748 | D:1      | 748 ||| READING scroll labelled JILEFIDOGU.
   749 | D:1      | 749 ||| READING scroll labelled FUIWIKKOZE.
   750 | D:1      | 750 ||| DROPPING scroll of butterflies.
   751 | D:1      | 751 ||| DROPPING scroll of fog.
   752 | D:1      | 752 ||| DROPPING potion of lignification.
   754 | D:1      | 754 ||| Stepping ~*~*~tactically~*~*~ (cloud).
   755 | D:1      | 755 ||| DRINKING potion of curing.
   755 | D:1      | 755 ||| (to cure poison)
   868 | D:2      | Reached XP level 3. HP: 29/29 MP: 5/5
   979 | D:2      | Identified the +0 ring mail of Parts Unknown {rC- Regen+
                  | Str+4}
  1703 | D:2      | 1703 ||| UPGRADING to +0 ring mail of Parts Unknown {rC-
                  | Regen+ Str+4}.
  1713 | D:2      | 1713 ||| DROPPING +0 leather armour.
  1714 | D:2      | 1714 ||| UPGRADING to ring of protection from cold.
  1715 | D:2      | 1715 ||| READING scroll of identify.
  1715 | D:2      | 1715 ||| IDENTIFYING viscous clear potion
  1716 | D:2      | 1716 ||| READING scroll labelled KUAGEN BODYOSE.
  1909 | D:3      | HP: 6/29 [white imp (2)]
  1913 | D:3      | Reached skill level 5 in Ranged Weapons
  1913 | D:3      | Reached XP level 4. HP: 9/36 MP: 6/6
  2326 | D:3      | Identified the +6 mace of Godal {speed, *Noise rElec Dex+3
                  | Stlth+}
  2335 | D:3      | Reached XP level 5. HP: 41/41 MP: 7/7
  2537 | D:3      | 2537 ||| READING 2 scrolls labelled LOCSEARIONG.
  2627 | D:4      | Found a runed translucent door.
  2648 | D:4      | Noticed a black bear
  2654 | D:4      | Killed a black bear
  2655 | D:4      | Reached skill level 6 in Ranged Weapons
  2811 | D:4      | Reached skill level 1 in Armour
  2811 | D:4      | Reached XP level 6. HP: 42/48 MP: 8/8
  2866 | D:4      | Noticed Grinder
  2870 | D:4      | Slain by an ogre

Levels and vault maps discovered:
D:1:      co_arrival_square_in_a_square_in_a_square, layout_loops_ring,
          kennysheep_crisscross
D:2:      layout_basic, basic_altar, dilly_ecumenical_altar_fadedgnrine,
          grunt_decor_arrowhead
D:3:      layout_loops_ring
D:4:      layout_basic, okawaru_metal_pillars_3, lemuel_doored_altar,
          ebering_ghost_sewer_d, uniq_grinder

Skill      XL: |  1  2  3  4  5 |
---------------+----------------+-----
Ranged Weapons | 4 5 6 |  6.4
Fighting       | 2 |  2.0
Dodging        | 2 |  2.2
Armour         | 1 |  1.5
Stealth        | |  0.8

Action                     |  1- 3 |  4- 6 || total
---------------------------+-------+-------++-------
   Fire: Shortbow          |   138 |    80 ||   218
    Use: Scroll            |     8 |     1 ||     9
         Potion            |     1 |       ||     1
 Armour: Leather armour    |    20 |       ||    20
         Ring mail         |    18 |    27 ||    45
  Dodge: Dodged            |    39 |    26 ||    65

Table legend:
 A = Non-vault XP
 B = Vault XP
 C = Vault XP percentage of total XP
 D = Non-vault monster count
 E = Vault monster count
 F = Vault count percentage of total count
                 A         B        C        D         E       F
            +---------+---------+-------+---------+---------+-------
      Total |     463 |       0 |   0.0 |      68 |       0 |   0.0
            +---------+---------+-------+---------+---------+-------
        D:1 |      43 |       0 |   0.0 |      19 |       0 |   0.0
        D:2 |      46 |       0 |   0.0 |      17 |       0 |   0.0
        D:3 |     154 |       0 |   0.0 |      24 |       0 |   0.0
        D:4 |     220 |       0 |   0.0 |       8 |       0 |   0.0
            +---------+---------+-------+---------+---------+-------
